 Dungeon Crawl Stone Soup version 0.31.0-1-g2c135a0 (webtiles) character file.

Game seed: 4667104995266988429

863 Kel the Trooper (level 8, -15/51 HPs)
             Began as a Gargoyle Fighter on Feb 8, 2024.
             Was a Follower of Qazlal.
             Blown up by Pikel (21 damage)
             ... with a mindburst bolt
             ... on level 5 of the Dungeon.
             The game lasted 00:12:44 (5883 turns).

Kel the Trooper (Gargoyle Fighter)                  Turns: 5883, Time: 00:12:46

Health: -15/51     AC: 17    Str: 21    XL:     8   Next: 3%
Magic:  8/8        EV:  8    Int: 10    God:    Qazlal [*.....]
Gold:   239        SH: 11    Dex:  9    Spells: 7/7 levels left

rFire   . . .        a - +0 war axe
rCold   . . .        c - +0 buckler
rNeg    + . .        i - +0 chain mail
rPois   ∞            (no helmet)
rElec   +            (no cloak)
rCorr   .            k - +0 pair of gloves
SInv    .            (no boots)
Will    .....        n - amulet of reflection Stlth
                     (no ring)
HPRegen 0.28/turn    (no ring)
MPRegen 0.11/turn

%: reflection
@: no status effects
A: sickness immunity, AC +5, negative energy resistance 1, electricity
resistance, torment resistance 1, petrification resistance
a: Renounce Religion


You were on level 5 of the Dungeon.
You worshipped Qazlal.
Qazlal was aware of your devotion.
You visited 2 branches of the dungeon, and saw 6 of its levels.

You collected 239 gold pieces.

Inventory:

Hand Weapons
 a - a +0 war axe (weapon)
Armour
 c - a +0 buckler (worn)
 i - a +0 chain mail (worn)
 k - a +0 pair of gloves (worn)
Jewellery
 n - an amulet of reflection (around neck)
Wands
 f - a wand of quicksilver (3)
Scrolls
 b - a scroll of noise {unknown}
 g - a scroll of amnesia {unknown}
 l - a scroll of acquirement {unknown}
 m - a scroll of enchant armour {unknown}
 o - 4 scrolls of identify
 r - a scroll of immolation {unknown}
 s - a scroll of enchant weapon {unknown}
Potions
 d - a potion of might
 e - 4 potions of lignification
 h - 3 potions of heal wounds
 p - 2 potions of experience {unknown}
 q - a potion of brilliance {unknown}


   Skills:
 + Level 6.1 Fighting
 + Level 4.9 Axes
 + Level 6.1 Armour
 - Level 0.2 Dodging
 - Level 1.2 Stealth
 - Level 3.9 Shields


You had 7 spell levels left.
You didn't know any spells.
Your spell library contained the following spells:

 Spells                   Type           Power      Damage    Failure   Level
 Lesser Beckoning         Tloc           0%         N/A       99%         2
 Gell's Gravitas          Tloc           0%         N/A       100%        3
 Teleport Other           Tloc           0%         N/A       100%        3
 Ignite Poison            Fire/Alch      0%         N/A       100%        4
 Freezing Cloud           Conj/Ice/Air   0%         6-21      100%        5
 Dispersal                Tloc           0%         N/A       100%        6
 Cigotuvi's Dreadful Rot  Necr/Alch/Air  Unusable   N/A       N/A         2

Dungeon Overview and Level Annotations

Branches:
Dungeon (5/15)             Temple (1/1) D:4

Altars:
Ashenzari
Cheibriados
Dithmenos
Elyvilon
Fedhas
Gozag
Hepliaklqana
Kikubaaqudgha
Nemelex Xobeh
Qazlal
Ru
Trog
Uskayaw
Vehumet
Yredelemnul
Zin
The Shining One

Annotations:
D:5 Pikel


Innate Abilities, Weirdness & Mutations

You are immune to sickness and miasma.
Your stone body is resilient. (AC +5)
You are immune to poison.
You resist negative energy. (rN+)
You are resistant to electric shocks. (rElec)
You are resistant to unholy torment.
You are immune to petrification.


Message History

Aiming: Quicksilver Bolt
Press: ? - help, Shift-Dir - straight line, f - Pikel
Aim: Pikel, wielding a +2 whip of freezing, wearing a +0 robe and carrying a wand of mindburst (64% to hit)
The bolt of dispelling energy misses Pikel.
You slash Pikel!
Pikel is moderately wounded.
Pikel hits you with a +2 whip of freezing!
Pikel freezes you.
Pikel zaps a wand.
Your mind is blasted!
You hear a shout!
You miss Pikel.
Pikel is moderately wounded.
You hear a shout!
You block Pikel's attack.
You hear a shout!
You hit Pikel.
Pikel is moderately wounded.
You hear a shout!
Pikel hits you with a +2 whip of freezing!
* * * LOW HITPOINT WARNING * * *
Pikel freezes you.
* * * LOW HITPOINT WARNING * * *
You hit Pikel but do no damage.
Pikel is moderately wounded.
Pikel zaps a wand.
Your mind is blasted!
* * * LOW HITPOINT WARNING * * *
You hit Pikel but do no damage.
Pikel is moderately wounded.
Pikel hits you with a +2 whip of freezing.
* * * LOW HITPOINT WARNING * * *
Pikel freezes you.
* * * LOW HITPOINT WARNING * * *
Pikel hits you but does no damage.
Blink to where?
Press: ? - help, Dir - move target, p - Pikel
Found 8 gold pieces and 3 green potions.
As you read the scroll of blinking, it crumbles to dust.
A lemure comes into view.
Pikel zaps a wand.
Your mind is blasted!
You die...
Pikel says, "See you in Hell!"

.... ..!. ..... ..... )...
....$. .... ......##### ..#
..........# ..#.# #....@#
..#.# #)....# ..#.# #.....#
....# .##.# #.....# ..#.##
.##.# ###...... .....# .##.#
#§.....########.#..#
.##.######K§.....).#.....#..#
.##.##.†.5....#.#)##.##..#..#
..#....###....#.#)##..#..#..#


You could see Pikel and a lemure.

Vanquished Creatures
  Duvessa (D:5)
  A black bear (D:5)
  2 scorpions (D:5)
  Dowan (D:5)
  6 killer bees (D:5)
  A bombardier beetle (D:4)
  A hound (D:4)
  A jelly (D:4)
  An orc priest (D:3)
  5 adders
  A ribbon worm (D:2)
  7 orcs
  4 ball pythons
  9 bats
  2 bat zombies (D:4)
  9 endoplasms
  2 giant cockroaches
  8 goblins
  5 hobgoblins
  4 jackals (D:3)
  2 quokkas
  A frilled lizard (D:1)
  A frilled lizard zombie (D:4)
  6 kobolds
  2 rats
83 creatures vanquished.

Notes
Turn   | Place    | Note
-------+----------+-------------------------------------------
     0 | D:1      | Kel the Gargoyle Fighter began the quest for the Orb.
     0 | D:1      | Reached XP level 1. HP: 14/14 MP: 1/1
   259 | D:1      | Reached XP level 2. HP: 19/19 MP: 2/2
  1159 | D:2      | Reached XP level 3. HP: 21/23 MP: 3/3
  3608 | D:3      | Reached skill level 1 in Stealth
  3608 | D:3      | Reached XP level 4. HP: 26/29 MP: 4/4
  4275 | D:3      | Reached XP level 5. HP: 33/33 MP: 5/5
  4579 | D:4      | Found a staircase to the Ecumenical Temple.
  4609 | Temple   | Entered the Ecumenical Temple
  4657 | Temple   | Became a worshipper of Qazlal Stormbringer
  4899 | D:4      | Found an ancient bone altar of Kikubaaqudgha.
  5154 | D:4      | Reached XP level 6. HP: 39/39 MP: 6/6
  5219 | D:5      | Entered Level 5 of the Dungeon
  5330 | D:5      | Reached skill level 5 in Fighting
  5330 | D:5      | Reached skill level 5 in Armour
  5333 | D:5      | Reached XP level 7. HP: 20/44 MP: 7/7
  5596 | D:5      | Noticed Duvessa
  5598 | D:5      | Noticed Dowan
  5608 | D:5      | Killed Duvessa
  5629 | D:5      | Killed Dowan
  5629 | D:5      | Reached * piety under Qazlal
  5847 | D:5      | Reached XP level 8. HP: 47/51 MP: 8/8
  5864 | D:5      | Noticed Pikel
  5883 | D:5      | Blown up by Pikel

Illustrated notes

Levels and vault maps discovered:
D:1:      dpeg_arrival_arbitrary_a, layout_basic
D:2:      layout_rooms, grunt_decor_one_mirror
D:3:      layout_basic, minmay_misc_feat_encased
D:4:      layout_basic, lemuel_zombie_altar_kikubaaqudgha,
          minmay_temple_entry_statues_fountains
D:5:      layout_basic, uniq_duvessa, uniq_pikel
Temple:   eino_temple_rhombus

Skill      XL: |  1  2  3  4  5  6  7 |
---------------+----------------------+-----
Axes           | 2 3 4 |  4.9
Stealth        | 1 |  1.2
Fighting       | 4 5 6 |  6.1
Armour         | 4 5 6 |  6.1
Dodging        | |  0.2
Shields        | |  3.9

Action                     |  1- 3 |  4- 6 |  7- 9 || total
---------------------------+-------+-------+-------++-------
  Melee: War axe           |    89 |   148 |    78 ||   315
  Throw: Throwing net      |       |     1 |       ||     1
  Evoke: Wand              |       |     2 |     3 ||     5
    Use: Scroll            |     4 |       |     1 ||     5
         Potion            |     5 |     2 |       ||     7
 Armour: Scale mail        |    23 |       |       ||    23
         Chain mail        |    41 |   114 |    65 ||   220
  Dodge: Dodged            |    40 |    54 |    21 ||   115
  Block: Buckler           |    30 |   104 |    40 ||   174
